Map: Zarośnięta placówka

Players

TurtLe - Winner!

  • Race: Zerg Zerg
  • League: Diamond
  • Spawn Location: 9:00

bloodlestat - Winner!

  • Race: Zerg Zerg
  • League: Gold
  • Spawn Location: 7:00

Legol

  • Race: Protoss Protoss
  • Spawn Location: 3:00

hothart

  • Race: Zerg Zerg
  • Spawn Location: 1:00

VOD

Have the link to the VOD?

Description

Time

  • Played on: Dec. 26, 2019, 3:53 p.m.
  • Length: 14:28
Show
View Real Time Build Order
Export as new Build Order

TurtLe Zerg - Winner!

Build Orders: Hatch First, Brood Lord Corruptor, Lurkers 

Get SALT Encoding   

  12  0:01  Drone  
  13  0:13  Overlord  
  13  0:19  Drone  
  14  0:32  Drone  
  14  0:33  Drone  
  16  0:46  Drone  
  17  0:58  Hatchery  
  17  1:01  Drone  
  17  1:03  Drone  
  18  1:06  Extractor  
  17  1:14  Drone  
  18  1:23  Spawning Pool  
  17  1:30  Drone  
  18  1:41  Drone x2  
  20  2:02  Overlord  
  20  2:10  Queen x2  
  20  2:12  Metabolic Boost  
  24  2:25  Zergling x4  
  24  2:27  Drone x2  
  28  2:41  Drone x3  
  31  3:06  Drone x3, Hatchery  
  31  3:09  Drone  
  34  3:32  Zergling x4  
  34  3:34  Overlord x2  
  35  3:58  Drone x6  
  41  4:14  Spore Crawler  
  40  4:17  Spore Crawler  
  40  4:18  Drone x6  
  40  4:19  Drone x2  
  40  4:22  Queen  
  49  4:26  Drone  
  49  4:28  Extractor  
  49  4:32  Roach Warren  
  49  4:34  Drone x2, Extractor  
  49  4:35  Drone x2, Extractor  
  50  4:49  Overlord  
  50  4:50  Overlord  
  50  4:54  Drone x2  
  52  5:04  Evolution Chamber  
  52  5:05  Lair, Evolution Chamber  
  50  5:12  Drone x6  
  50  5:13  Drone x3  
  59  5:37  Zerg Ground Armor Level 1, Zerg Missile Weapons Level 1  
  59  5:39  Drone x3  
  59  5:40  Drone x2  
  64  5:52  Spore Crawler  
  63  5:59  Overlord x2  
  63  6:01  Roach  
  63  6:03  Glial Reconstitution  
  65  6:06  Overlord x3  
  64  6:15  Hydralisk Den  
  63  6:23  Queen  
  65  6:32  Spore Crawler  
  64  6:35  Extractor  
  64  6:39  Extractor  
  62  6:55  Grooved Spines, Hydralisk  
  62  6:56  Infestation Pit, Hydralisk x16  
  95  7:03  Overlord x2  
  95  7:13  Drone x2  
  95  7:14  Drone  
  97  7:28  Lurker Den  
  96  7:33  Drone x12  
  108  7:47  Zerg Missile Weapons Level 2  
  108  7:48  Zerg Ground Armor Level 2  
  108  8:01  Overlord x2  
  108  8:02  Overlord  
  108  8:06  Muscular Augments  
  108  8:08  Hatchery  
  107  8:17  Drone x2  
  109  8:20  Hydralisk  
  109  8:21  Hydralisk x7  
  125  8:38  Overlord x2  
  125  8:51  Overlord x2  
  114  9:08  Drone x4  
  114  9:09  Drone x7  
  112  9:23  Drone, Queen  
  107  9:30  Hydralisk  
  107  9:31  Hydralisk x7  
  109  9:36  Extractor  
  109  9:37  Extractor  
  117  9:40  Spore Crawler  
  117  9:43  Spore Crawler  
  113  9:47  Queen  
  115  9:53  Drone x6  
  121  10:09  Hive  
  121  10:13  Hatchery  
  120  10:24  Drone x6  
  120  10:25  Drone x5  
  131  10:34  Overlord  
  131  10:35  Overlord  
  131  10:47  Lurker x7  
  131  10:48  Lurker x3  
  131  10:49  Hydralisk x6  
  147  10:50  Hydralisk x6  
  165  10:59  Drone x2  
  165  11:01  Spore Crawler  
  165  11:03  Spore Crawler  
  165  11:15  Spire  
  164  11:29  Spine Crawler x2  
  164  11:32  Spine Crawler  
  141  12:26  Overlord  
  141  12:27  Overlord  
  141  12:30  Greater Spire  
  141  12:31  Corruptor x10  
  141  12:32  Corruptor x8  
  175  13:03  Spine Crawler  
  175  13:05  Corruptor x4  
  174  13:06  Corruptor x3  
  188  13:40  Hatchery  
  188  13:41  Extractor  
  186  13:43  Extractor  
  181  13:56  Brood Lord x3  
  181  13:57  Brood Lord x4  
  181  13:58  Brood Lord  
Show
View Real Time Build Order
Export as new Build Order

bloodlestat Zerg - Winner!

Build Orders: Pool First 

Get SALT Encoding   

  12  0:13  Drone, Overlord  
  13  0:18  Drone  
  14  0:23  Extractor  
  14  0:28  Drone  
  14  0:42  Drone  
  15  0:54  Spawning Pool  
  15  0:55  Drone  
  15  1:00  Drone  
  16  1:08  Drone  
  17  1:26  Hatchery  
  16  1:41  Zergling x6  
  16  1:45  Metabolic Boost  
  19  1:54  Drone  
  20  2:02  Queen  
  22  2:12  Overlord  
  22  2:19  Evolution Chamber  
  21  2:23  Drone  
  22  2:33  Extractor  
  22  2:34  Drone  
  22  2:37  Drone  
  22  2:43  Spore Crawler  
  22  2:48  Drone  
  22  2:56  Zerg Melee Weapons Level 1  
  22  3:00  Drone  
  23  3:10  Drone x2  
  26  3:12  Drone  
  26  3:16  Drone  
  27  3:28  Spine Crawler  
  27  3:33  Drone x2  
  26  3:51  Drone x3  
  29  4:00  Zergling x6  
  32  4:08  Queen  
  34  4:15  Spore Crawler  
  33  4:24  Overlord  
  33  4:25  Zergling x6  
  33  4:27  Overlord  
  36  4:44  Overlord  
  36  4:45  Zergling x2  
  37  4:48  Lair  
  37  4:52  Zerg Ground Armor Level 1  
  37  5:00  Drone x2  
  39  5:10  Drone, Extractor x2  
  38  5:17  Zergling x2  
  38  5:18  Zergling x4  
  41  5:35  Drone x2  
  40  5:36  Drone  
  35  5:45  Zergling x4  
  35  5:46  Zergling x2  
  35  5:48  Queen  
  40  5:53  Drone  
  41  6:08  Infestation Pit  
  41  6:10  Queen  
  42  6:11  Zergling x2  
  42  6:12  Zergling x2  
  44  6:19  Drone  
  44  6:20  Drone x2  
  44  6:23  Queen  
  49  6:26  Zergling x2  
  50  6:37  Spore Crawler  
  50  6:38  Drone x4  
  50  6:39  Spore Crawler  
  52  6:46  Spore Crawler  
  51  6:48  Zerg Melee Weapons Level 2  
  51  6:53  Hive  
  51  7:03  Spore Crawler  
  51  7:06  Spore Crawler  
  51  7:08  Drone x2, Overlord  
  51  7:16  Lair  
  51  7:19  Zergling x4  
  51  7:21  Zergling x2  
  54  7:24  Zergling x2  
  54  7:26  Zergling x2  
  54  7:35  Overlord  
  54  7:36  Drone x3  
  56  7:37  Drone  
  51  7:45  Drone  
  51  7:46  Drone x3  
  55  8:09  Adrenal Glands  
  55  8:15  Evolution Chamber  
  55  8:18  Zergling x4, Overlord  
  55  8:19  Zergling x4  
  58  8:20  Zergling x2  
  58  8:22  Hatchery  
  57  8:43  Queen  
  57  8:44  Drone x2  
  57  8:46  Drone x3  
  53  8:56  Drone  
  53  9:13  Overlord  
  53  9:14  Zergling x10  
  58  9:18  Queen  
  59  9:25  Zerg Melee Weapons Level 3  
  59  9:26  Zerg Ground Armor Level 2  
  57  9:39  Zergling x4, Overlord  
  57  9:40  Zergling x8  
  63  9:49  Drone  
  59  10:01  Queen  
  59  10:02  Drone x2  
  59  10:05  Drone x5  
  68  10:13  Overlord x2  
  68  10:14  Overlord  
  68  10:19  Extractor x2  
  68  10:20  Spore Crawler  
  58  10:31  Hydralisk Den  
  54  10:36  Queen  
  54  10:38  Ultralisk Cavern  
  73  10:57  Drone x2, Overlord  
  73  10:58  Drone x2  
  73  11:02  Grooved Spines  
  77  11:12  Queen  
  77  11:15  Drone x2  
  81  11:20  Drone  
  81  11:21  Queen  
  82  11:32  Spine Crawler  
  77  11:43  Spine Crawler  
  77  11:44  Hydralisk x2  
  77  11:45  Hydralisk x6  
  83  12:10  Drone x3  
  83  12:11  Drone x2  
  83  12:13  Muscular Augments, Drone x2  
  83  12:14  Drone  
  91  12:16  Burrow  
  91  12:18  Pneumatized Carapace  
  91  12:28  Drone  
  92  12:52  Chitinous Plating  
  92  12:54  Hydralisk x2  
  92  12:56  Zergling x2  
  92  12:57  Zergling x10  
  92  12:58  Zergling x14  
  107  12:59  Zergling x8  
  113  13:22  Hydralisk  
  113  13:27  Hydralisk  
  85  13:56  Hydralisk  
  85  13:57  Hydralisk  
  85  13:59  Hydralisk  
  85  14:00  Zergling x4  
  85  14:01  Zergling x8  
  85  14:02  Zergling x18  
Show
View Real Time Build Order
Export as new Build Order

Legol Protoss 

Build Orders:  

Get SALT Encoding   

  12  0:01  Probe  
  13  0:13  Probe  
  14  0:19  Pylon  
  14  0:25  Probe  
  15  0:37  Probe  
  15  0:39  Gateway  
  16  0:49  Probe (Chrono Boost)  
  17  0:59  Probe (Chrono Boost)  
  17  1:00  Assimilator  
  18  1:17  Probe  
  19  1:29  Probe (Chrono Boost), Cybernetics Core  
  20  1:34  Pylon  
  21  1:40  Probe (Chrono Boost)  
  21  1:45  Probe (Chrono Boost)  
  22  2:05  Pylon  
  22  2:08  Warp Gate  
  22  2:12  Nexus  
  22  2:16  Stalker (Chrono Boost)  
  24  2:24  Gateway  
  24  2:36  Forge  
  24  2:51  Assimilator  
  24  2:56  Zealot  
  26  3:16  Photon Cannon  
  26  3:21  Probe  
  27  3:33  Probe  
  28  3:44  Photon Cannon  
  28  3:45  Stalker  
  30  3:52  Robotics Facility, Gateway  
  30  3:57  Probe  
  30  3:58  Probe  
  32  4:09  Probe  
  33  4:10  Probe  
  33  4:14  Gateway  
  33  4:15  Pylon  
  34  4:26  Probe x2  
  36  4:38  Probe  
  36  4:39  Probe  
  36  4:40  Observer (Chrono Boost)  
  36  4:44  Stalker x2  
  36  4:45  Protoss Ground Weapons Level 1 (Chrono Boost)  
  43  4:50  Probe  
  43  4:51  Probe  
  45  4:55  Pylon  
  45  4:59  Assimilator  
  45  5:03  Probe, Assimilator  
  46  5:11  Warp Prism  
  48  5:22  Sentry x2  
  48  5:23  Sentry x2  
  56  5:29  Probe x2  
  56  5:41  Probe x2  
  57  5:54  Probe x2  
  59  5:58  Immortal (Chrono Boost)  
  62  6:07  Probe x2 (Chrono Boost)  
  65  6:19  Probe x2 (Chrono Boost)  
  66  6:26  Probe (Chrono Boost)  
  66  6:27  Gateway  
  66  6:28  Gateway  
  67  6:44  Zealot  
  69  6:54  Pylon  
  69  6:56  Pylon  
  69  6:58  Pylon  
  69  7:00  Pylon  
  69  7:10  Pylon  
  69  7:12  Nexus  
  69  7:13  Pylon, Immortal  
  69  7:14  Pylon  
  73  7:21  Zealot x4  
  81  7:26  Zealot x2  
  85  7:44  Sentry x3, Zealot  
  79  7:52  Robotics Bay  
  79  7:58  Photon Cannon  
  79  7:59  Protoss Ground Armor Level 1 (Chrono Boost)  
  79  8:02  Photon Cannon  
  79  8:06  Immortal (Chrono Boost)  
  79  8:08  Twilight Council  
  83  8:15  Probe x2  
  85  8:27  Probe x2  
  85  8:29  Zealot x4  
  85  8:30  Zealot  
  91  8:59  Colossus (Chrono Boost)  
  93  9:06  Zealot x4  
  93  9:07  Zealot x2  
  93  9:08  Probe (Chrono Boost)  
  108  9:13  Probe (Chrono Boost)  
  108  9:14  Probe (Chrono Boost)  
  100  9:22  Probe x2 (Chrono Boost)  
  78  9:33  Stalker x5  
  78  9:34  Stalker  
  78  9:37  Extended Thermal Lance (Chrono Boost), Probe  
  78  9:38  Probe x2  
  93  9:50  Probe  
  90  9:54  Colossus (Chrono Boost)  
  96  10:00  Probe x2  
  96  10:02  Probe, Assimilator  
  96  10:04  Pylon  
  96  10:06  Assimilator  
  99  10:08  Protoss Ground Weapons Level 2 (Chrono Boost)  
  99  10:20  Sentry  
  99  10:21  Pylon, Sentry x4  
  103  10:37  Colossus (Chrono Boost)  
  109  10:45  Probe x3  
  109  10:48  Charge (Chrono Boost)  
  112  10:57  Probe  
  112  11:00  Gateway  
  112  11:03  Gateway  
  113  11:05  Gateway  
  113  11:13  Nexus  
  113  11:16  Assimilator  
  113  11:19  Zealot x4  
  113  11:20  Zealot x2  
  113  11:21  Assimilator  
  113  11:22  Pylon  
  125  11:31  Colossus (Chrono Boost)  
  71  12:26  Colossus (Chrono Boost)  
  77  12:32  Stalker x3  
  77  12:33  Stalker x6  
  95  12:52  Probe  
  96  12:59  Zealot x2  
  96  13:00  Zealot x7  
  96  13:04  Probe  
  115  13:16  Probe  
  115  13:19  Observer (Chrono Boost)  
  117  13:25  Stalker x3  
  117  13:26  Stalker x6  
  135  13:28  Probe  
  136  13:40  Probe  
  129  13:45  Colossus (Chrono Boost)  
  133  13:57  Gateway  
  133  13:58  Gateway  
  133  14:02  Gateway  
  127  14:03  Gateway, Zealot x7  
  127  14:04  Zealot x2  
  127  14:07  Gateway  
  127  14:09  Gateway  
  145  14:10  Gateway  
Show
View Real Time Build Order
Export as new Build Order

hothart Zerg 

Build Orders: Hatch First 

Get SALT Encoding   

  12  0:01  Drone  
  13  0:08  Drone  
  14  0:20  Overlord  
  14  0:26  Drone, Extractor  
  15  0:39  Drone x2  
  17  0:45  Drone  
  18  1:00  Hatchery  
  18  1:01  Drone  
  18  1:06  Drone  
  19  1:24  Drone, Spawning Pool  
  19  1:29  Drone, Extractor  
  19  1:35  Extractor  
  19  1:38  Drone  
  19  2:11  Zergling x4  
  19  2:12  Zergling x2  
  19  2:15  Drone  
  23  2:17  Queen  
  23  2:20  Queen  
  27  2:26  Zergling x2  
  28  2:58  Lair  
  28  3:09  Overlord x3  
  25  3:40  Zergling x8  
  28  3:43  Spine Crawler  
  28  3:47  Spine Crawler, Drone  
  27  3:50  Drone x3  
  30  3:56  Spine Crawler  
  29  4:08  Drone x2  
  31  4:10  Spire  
  30  4:20  Drone  
  31  4:24  Drone x4  
  31  4:25  Drone  
  31  4:28  Extractor  
  36  4:31  Drone  
  36  4:32  Extractor  
  36  4:35  Drone x3  
  36  4:36  Drone  
  39  4:42  Metabolic Boost  
  39  5:01  Drone x3  
  39  5:02  Drone x2  
  39  5:06  Overlord  
  44  5:21  Mutalisk  
  44  5:22  Mutalisk x3  
  44  5:26  Mutalisk  
  54  5:45  Mutalisk  
  56  6:08  Mutalisk  
  58  6:13  Spore Crawler  
  58  6:17  Drone  
  58  6:18  Drone x2  
  60  6:19  Overlord x2  
  60  6:20  Overlord  
  52  6:48  Mutalisk x3  
  57  7:17  Mutalisk x2  
  61  7:24  Drone  
  61  7:25  Drone x4  
  66  7:49  Hatchery  
  65  7:55  Mutalisk  
  65  7:56  Mutalisk x5  
  77  7:58  Zerg Flyer Weapons Level 1  
  77  8:01  Zergling x2  
  77  8:02  Zergling x10  
  83  8:44  Drone  
  83  8:47  Overlord x2  
  58  9:31  Zergling x10  
  55  9:41  Corruptor  
  55  9:42  Corruptor x5  
  63  9:52  Infestation Pit  
  62  9:53  Drone x2  
  62  9:54  Drone  
  62  9:56  Queen  
  67  10:07  Evolution Chamber  
  67  10:08  Zergling x10  
  67  10:09  Zergling x2  
  72  10:25  Zergling x2  
  73  10:34  Drone  
  73  10:35  Drone x2  
  76  10:38  Hive  
  76  10:39  Zerg Flyer Armor Level 1  
  76  10:42  Zergling x2  
  77  10:43  Zergling x6  
  77  10:46  Zergling x2  
  77  10:47  Zergling x8  
  85  10:52  Zerg Ground Armor Level 1  
  85  10:59  Zergling x2  
  86  11:09  Extractor  
  85  11:13  Drone x5, Extractor  
  89  11:37  Drone  
  89  11:38  Drone x4  
  94  11:45  Drone  
  95  11:53  Zergling x6  
  95  11:54  Zergling x4  
  85  12:04  Overseer x2  
  85  12:08  Zergling x4  
Tags
 
Add a new tag
Caveats
  • Supply blocks, unpowered buildings, or Contaminate may cause inaccurate times.
  • Supply counts are checked every 10 seconds.